 Dungeon Crawl Stone Soup version 0.26-a0-1013-gf6ffb0d6bd (webtiles) character file.

Game seed: 5868308950056681659

389 streetpizza the Skirmisher (level 6, -11/49 HPs)
             Began as a Demonspawn Wanderer on Dec 7, 2020.
             Killed by divine providence
             ... invoked by an orc priest
              (13 damage)
             ... on level 4 of the Dungeon.
             The game lasted 00:09:20 (4078 turns).

streetpizza the Skirmisher (Demonspawn Wanderer)    Turns: 4078, Time: 00:09:21

Health: -11/49     AC:  9    Str: 16    XL:     6   Next: 50%
Magic:  7/7        EV: 10    Int: 12    God:
Gold:   108        SH:  0    Dex: 14    Spells: 7/7 levels left

rFire    + . .     SeeInvis .   a - +2 mace
rCold    . . .     Faith    .   (no shield)
rNeg     . . .     Spirit   .   r - +2 ring mail {rF+}
rPois    .         Reflect  .   (no helmet)
rElec    .         Harm     .   (no cloak)
rCorr    .         Rampage  .   (no gloves)
Will     .....                  f - +1 pair of boots
Stlth    ++........             (no amulet)
HPRegen  0.16/turn              (no ring)
MPRegen  0.10/turn              (no ring)

@: no status effects
A: claws 1, thin skeletal structure 1, demonic guardian 1, foul stench 1, rot
immunity
a: no special abilities


You were on level 4 of the Dungeon.
You visited 1 branch of the dungeon, and saw 4 of its levels.

You collected 108 gold pieces.

Inventory:

Hand Weapons
 a - a +2 mace (weapon)
Armour
 f - a +1 pair of boots (worn)
 h - a +0 buckler
 r - a +2 ring mail of fire resistance (worn)
Wands
 p - a wand of iceblast (9)
Scrolls
 d - 2 scrolls of remove curse {unknown}
 g - 2 scrolls of identify {unknown}
 j - 3 scrolls of fear {unknown}
 m - a scroll of enchant weapon {unknown}
 n - a scroll of magic mapping {unknown}
Potions
 b - a potion of resistance {unknown}
 c - 2 potions of curing
 e - a potion of cancellation {unknown}
 i - a potion of haste {unknown}
 k - 2 potions of ambrosia {unknown}
 o - a potion of might {unknown}
 q - 3 potions of heal wounds {unknown}


   Skills:
 + Level 4.4 Fighting
 * Level 4.4 Maces & Flails
 + Level 3.0 Armour
 - Level 1.7 Shields
 - Level 1.0 Spellcasting
 - Level 2.0 Poison Magic


You had 7 spell levels left.
You didn't know any spells.
Your spell library was empty.

Dungeon Overview and Level Annotations

Branches:
Dungeon (4/15)
 Temple: D:4-7

Altars:

Annotations:
D:3 2 transporters, Glucose's ghost, amateur MiBe


Innate Abilities, Weirdness & Mutations

You have sharp fingernails.
You have a somewhat thin skeletal structure. (Dex +2, Stealth)
A weak demonic guardian rushes to your aid.
You may emit foul miasma when damaged in melee.
You are immune to rotting.


Message History

Your iron imp hits the orc!
The orc dies!
The orc hits your iron imp with a +0 mace.
You completely miss the orc priest.
The orc priest is severely wounded.
The orc priest hits you but does no damage.
Your iron imp hits the orc.
The orc dies!
Unknown command.
You closely miss the orc priest.
The orc priest is severely wounded.
The orc priest calls down the wrath of Beogh upon you.
You barely resist.
Your iron imp barely misses the orc priest.
Unknown command.
You hit the orc priest.
The orc priest is severely wounded.
The orc priest mumbles some strange prayers to Beogh against you.
Beogh smites you!
You die...

.............
............
...........
.........# #.......#
#....)).# #...o5..#
#....@..#
###.......# ....
#.........# .h...
#....†)...#......
#.........#....
#.........##'######.
#...................
#.................#
#.................#


You could see an orc priest and a friendly iron imp (summoned).

Vanquished Creatures
  A howler monkey (D:4)
  3 hounds (D:4)
  An orc wizard (D:3)
  3 gnolls (D:3)
  6 adders
  An ooze (D:3)
  2 worms
  A dart slug (D:2)
  2 leopard geckos
  4 orcs
  4 giant cockroaches (D:1)
  4 goblins
  3 hobgoblins
  2 jackals (D:1)
  2 quokkas
  2 ball pythons
  4 bats (D:2)
  7 frilled lizards
  A jackal skeleton (D:4)
  10 kobolds
  7 rats
  A bush (D:1)
71 creatures vanquished.

Vanquished Creatures (collateral kills)
  An ogre (D:4)
  An orc priest (D:3)
  5 orcs
7 creatures vanquished.

Vanquished Creatures (others)
  7 plants (D:1)
7 creatures vanquished.

Grand Total: 85 creatures vanquished

Notes
Turn   | Place    | Note
-------+----------+-------------------------------------------
     0 | D:1      | streetpizza the Demonspawn Wanderer began the quest for the
                  | Orb.
     0 | D:1      | streetpizza set off with the following items: a +2 mace, a
                  | +0 ring mail, a potion of curing
     0 | D:1      | Reached XP level 1. HP: 18/18 MP: 2/2
   113 | D:1      | Gained mutation: You have sharp fingernails. [demonic
                  | ancestry]
   113 | D:1      | Reached XP level 2. HP: 18/24 MP: 3/3
  1636 | D:2      | Gained mutation: You are immune to rotting. [demonic
                  | ancestry]
  1636 | D:2      | Reached XP level 3. HP: 28/29 MP: 4/4
  2159 | D:3      | Gained mutation: A weak demonic guardian rushes to your
                  | aid. [demonic ancestry]
  2159 | D:3      | Reached XP level 4. HP: 27/35 MP: 5/5
  2810 | D:3      | Noticed Glucose's ghost (amateur MiBe)
  2811 | D:3      | Found a transporter.
  2815 | D:3      | Found a transporter.
  2815 | D:3      | Identified the cursed +1 great mace "Hydraslayer" {pain,
                  | rC+}
  2815 | D:3      | Noticed an ogre
  2968 | D:3      | Gained mutation: You may emit foul miasma when damaged in
                  | melee. [demonic ancestry]
  2968 | D:3      | Reached XP level 5. HP: 39/42 MP: 6/6
  3786 | D:4      | Noticed an ogre
  3792 | D:4      | Killed an ogre
  3793 | D:4      | Gained mutation: You have a somewhat thin skeletal
                  | structure. (Dex +2, Stealth) [demonic ancestry]
  3793 | D:4      | Reached XP level 6. HP: 30/48 MP: 7/7
  4074 | D:4      | HP: 1/49 [orc priest/+0 mace (8)]
  4078 | D:4      | Killed from afar by an orc priest

Illustrated notes

Levels and vault maps discovered:
D:1:      minmay_arrival_four_houses, layout_basic, serial_forest,
          infiniplex_forest_end_double, infiniplex_forest_end_2,
          infiniplex_forest_clump_small, infiniplex_forest_clump_large,
          infiniplex_forest_end_1, infiniplex_forest_3_way
D:2:      layout_loops_cross
D:3:      layout_basic, gammafunk_ghost_smash
D:4:      layout_gridville, general_overflow_altar,
          gammafunk_temple_overflow_statue, minitemple,
          minmay_temple_entry_glassed_door

Skill      XL: |  1  2  3  4  5  6 |
---------------+-------------------+-----
Maces & Flails | 2 3 4 |  4.4
Armour         | 2 3 |  3.0
Fighting       | 4 |  4.4
Shields        | |  1.7
Spellcasting   | |  1.0
Poison Magic   | |  2.0

Action                   |  1- 3 |  4- 6 || total
-------------------------+-------+-------++-------
Melee: Mace              |   215 |   148 ||   363
 Stab: Distracted        |       |     1 ||     1
       Sleeping          |       |     1 ||     1
Armor: Ring mail         |    21 |    21 ||    42
       Leather armour    |    26 |    28 ||    54
Dodge: Dodged            |    90 |    84 ||   174

Table legend: (Time is in decaauts)
 A = Elapsed time spent in this place.
 B = Non-inter-level travel time spent in this place.
 C = Inter-level travel time spent in this place.
 D = Time resting spent in this place.
 E = Time spent auto-exploring this place.
 F = Levels seen in this place.
 G = Mean time per level.
                   A        B        C        D        E       F      G
               +--------+--------+--------+--------+--------+-----+--------+
         Total |   4176 |   4044 |    132 |    243 |   2950 |   4 | 1044.0 |
       Dungeon |   4176 |   4044 |    132 |    243 |   2950 |   4 | 1044.0 |
               +--------+--------+--------+--------+--------+-----+--------+

Top non-repeatable levels by time:
     D:3: 1575 daAuts
     D:1: 1408 daAuts
     D:2: 707 daAuts
     D:4: 484 daAuts
